 Dungeon Crawl Stone Soup version 0.23.2-40-g277498a001 (webtiles) character file.

Game seed: 13861767578962618945

67 DildoBatman the Sneak (level 4, 0/30 HPs)
             Began as a Formicid Wizard on Sept 10, 2019.
             Succumbed to an adder's poison
             ... on level 3 of the Dungeon.
             The game lasted 00:04:33 (1817 turns).

DildoBatman the Sneak (Formicid Wizard)             Turns: 1817, Time: 00:04:33

Health: 0/30       AC:  2    Str: 12    XL:     4   Next: 38%
Magic:  0/8        EV: 17    Int: 18    God:
Gold:   129        SH:  0    Dex: 14    Spells: 2/9 levels left

rFire    . . .     SeeInvis +   a - +2 spear (venom)
rCold    . . .     Gourm    .   (no shield)
rNeg     . . .     Faith    .   m - +0 robe
rPois    .         Spirit   .   (helmet unavailable)
rElec    .         Reflect  .   (no cloak)
rCorr    .         Harm     .   (no gloves)
MR       .....                  (no boots)
Stlth    +++.......             (no amulet)
HPRegen  0.10/turn              (no ring)
MPRegen  0.11/turn              (no ring)

@: agile, lethally poisoned (0 -> -1), flying, drained
A: permanent stasis, dig shafts and tunnels, four strong arms, antennae 3
a: Dig, Shaft Self


You were on level 3 of the Dungeon.
You were not hungry.

You visited 1 branch of the dungeon, and saw 3 of its levels.

You collected 129 gold pieces.

Inventory:

Hand Weapons
 a - a +2 spear of venom (weapon)
Missiles
 g - 39 stones (quivered)
 l - 25 sling bullets
 r - 20 arrows
Armour
 i - a +0 buckler
 m - a +0 robe (worn)
Scrolls
 c - a scroll of enchant armour {unknown}
 h - a scroll of identify {unknown}
 k - a scroll of noise {unknown}
 n - a scroll of teleportation {unknown}
 q - a scroll of remove curse {unknown}
Potions
 b - a potion of magic {unknown}
 d - 2 potions of agility
 e - 2 potions of flight
 j - a potion of haste
 o - a potion of invisibility {unknown}
 p - a potion of curing {unknown}
Comestibles
 f - 10 chunks of flesh
 v - 3 rations


   Skills:
 - Level 1.7(0.9) Dodging
 * Level 3.4(2.5) Stealth
 - Level 3.2(2.4) Spellcasting
 * Level 3.1(2.2) Conjurations
   Level 1.0(0.2) Summonings
   Level 0.8(0.0) Translocations


You had 2 spell levels left.
You knew the following spells:

 Your Spells              Type           Power        Failure   Level  Hunger
a - Conjure Flame         Conj/Fire      #.......     32%         3    ###....
c - Magic Dart            Conj           ##..         7%          1    #......
e - Mephitic Cloud        Conj/Pois/Air  #.......     36%         3    ###....

Your spell library contained the following spells:

 Spells                   Type           Power        Failure   Level  Hunger
 Call Imp                 Summ           #.......     24%         2    ##.....
 Slow                     Hex            #.......     26%         2    ##.....
 Blink                    Tloc           Unusable     N/A         2    N/A

Dungeon Overview and Level Annotations

Branches:
Dungeon (3/15)

Altars:


Innate Abilities, Weirdness & Mutations

You cannot be hasted, slowed, berserked, paralysed or teleported.
You can dig through walls and to a lower floor.
Your four strong arms can wield two-handed weapons with a shield.
You have a pair of large antennae on your head. (SInv)


Message History

You barely miss the kobold.
Casting: Magic Dart (safe; 7% risk of failure)
Confirm with . or Enter, or press ? or * to list all spells.
You don't have enough magic to cast that spell.
You barely miss the kobold.
You feel sick.
The kobold hits you with a +0 short sword.
You hit the kobold.
The kobold is poisoned.
The kobold is severely wounded.
You kill the kobold!
It was a potion of haste.
Your stasis prevents you from being hasted.
Okay, then.
It was a potion of flight.
You feel very buoyant.
You fly up into the air.
It was a potion of agility.
You feel agile all of a sudden.
You die...

###
#.#....)# #
# #.###.#
##.#.#.....#
#....#.#####
#.......####
#....#....(#
#....##.##.#
####....##.#
#######@#
#)# #.. ###.
.. .. ...
...


There were no monsters in sight!

Vanquished Creatures
  2 adders
  A worm (D:3)
  A dart slug (D:1)
  A leopard gecko (D:1)
  An orc (D:3)
  6 bats
  2 giant cockroaches (D:1)
  4 goblins
  5 hobgoblins
  A ball python (D:1)
  6 frilled lizards
  6 kobolds
  8 rats
44 creatures vanquished.

Notes
Turn   | Place    | Note
-------+----------+-------------------------------------------
     0 | D:1      | DildoBatman the Formicid Wizard began the quest for the
                  | Orb.
     0 | D:1      | Reached XP level 1. HP: 13/13 MP: 4/4
    59 | D:1      | Reached skill level 1 in Conjurations
   309 | D:1      | Reached XP level 2. HP: 12/19 MP: 0/6
   854 | D:1      | Reached XP level 3. HP: 24/24 MP: 7/7
   861 | D:1      | Learned a level 3 spell: Conjure Flame
   865 | D:1      | Learned a level 3 spell: Mephitic Cloud
  1747 | D:3      | Reached XP level 4. HP: 30/30 MP: 4/8
  1813 | D:3      | HP: 1/30 [kobold/+0 short sword (5)]
  1817 | D:3      | Succumbed to an adder's poison

Skill      XL: |  1  2  3  4 |
---------------+-------------+-----
Conjurations   | 1 2 3 |  3.1
Stealth        | 3 |  3.4
Dodging        | |  1.7
Spellcasting   | |  3.2
Summonings     | |  1.0
Translocations | |  0.8

Action                   |  1- 3 |  4- 6 || total
-------------------------+-------+-------++-------
Melee: Short sword       |    23 |       ||    23
       Spear             |    41 |    20 ||    61
 Cast: Magic Dart        |    54 |     9 ||    63
       Conjure Flame     |     1 |       ||     1
 Abil: Dig               |     1 |       ||     1
  Use: Potion            |       |     3 ||     3
 Stab: Sleeping          |     6 |       ||     6
  Eat: Chunk             |     4 |       ||     4
Armor: Robe              |    16 |     4 ||    20
Dodge: Dodged            |    37 |    15 ||    52
